 Seeded DCSS version 0.30-a0-341-g682706514a (webtiles) character file.

Game seed: 17305155241474378685 (custom seed)

1740 retardedninja the Shield-Bearer (level 8, -3/74 HPs)
             Began as a Minotaur Fighter on Nov 1, 2022.
             Was a Follower of Dithmenos.
             Slain by a killer bee (5 damage)
             ... on level 7 of the Dungeon.
             The game lasted 00:07:32 (7275 turns).

retardedninja the Shield-Bearer (Minotaur Fighter)  Turns: 7275, Time: 00:07:32

Health: -3/74      AC:  8    Str: 23    XL:     8   Next: 77%
Magic:  7/7        EV:  9    Int:  5    God:    Dithmenos [*.....]
Gold:   378        SH:  5    Dex: 10    Spells: 7/7 levels left

rFire   . . .      SeeInvis .    a - +0 war axe
rCold   . . .      Faith    .    c - +0 buckler
rNeg    . . .      Spirit   .    b - +0 scale mail
rPois   .          Reflect  .    (helmet restricted)
rElec   .          Harm     .    (no cloak)
rCorr   .          Rampage  .    (no gloves)
Will    .....                    (no boots)
Stlth   ..........               (no amulet)
HPRegen 0.32/turn                h - +4 ring of slaying
MPRegen 0.10/turn                e - ring of flight

@: mighty, flying, wreathed by umbra
A: horns 2, retaliatory headbutt
a: Renounce Religion


You were on level 7 of the Dungeon.
You worshipped Dithmenos.
Dithmenos was aware of your devotion.
You visited 1 branch of the dungeon, and saw 7 of its levels.
You also visited: Ossuary.

You collected 378 gold pieces.

Inventory:

Hand Weapons
 a - a +0 war axe (weapon)
Armour
 b - a +0 scale mail (worn)
 c - a +0 buckler (worn)
Jewellery
 e - a ring of flight (right hand)
 h - a +4 ring of slaying (left hand)
 r - an amulet of regeneration
 D - a ring of wizardry
Wands
 w - a wand of light (11)
Scrolls
 g - 4 scrolls of enchant weapon {unknown}
 i - 2 scrolls of immolation {unknown}
 m - 2 scrolls of noise
 p - 4 scrolls of poison
 q - a scroll of acquirement {unknown}
 s - 3 scrolls of fog {unknown}
 t - 2 scrolls of amnesia {unknown}
 u - a scroll of blinking {unknown}
 v - 5 scrolls of identify {unknown}
 y - 2 scrolls of teleportation {unknown}
 B - 2 scrolls of magic mapping {unknown}
 E - a scroll of summoning {unknown}
Potions
 f - a potion of heal wounds {unknown}
 j - 2 potions of mutation {unknown}
 k - 4 potions of cancellation {unknown}
 l - a potion of brilliance {unknown}
 n - 4 potions of attraction {unknown}
 o - 2 potions of curing
 z - a potion of berserk rage {unknown}
 A - 2 potions of magic {unknown}
 C - a potion of ambrosia {unknown}


   Skills:
 + Level 7.7 Fighting
 + Level 7.1 Axes
 + Level 7.6 Armour
 + Level 7.7 Shields


You had 7 spell levels left.
You didn't know any spells.
Your spell library contained the following spells:

 Spells                   Type           Power      Damage    Failure   Level
 Apportation              Tloc           0%         N/A       83%         1
 Necrotise                Necr           0%         1d4       83%         1
 Summon Small Mammal      Summ           0%         N/A       83%         1
 Hailstorm                Conj/Ice       0%         3d3       99%         3
 Ignite Poison            Fire/Tmut/Pois 0%         N/A       99%         3
 Kindle Blastsparks       Fire/Tloc/Air  0%         2d10      99%         3
 Fulminant Prism          Conj/Hex       0%         3d5       100%        4
 Ice Form                 Ice/Tmut       0%         N/A       100%        4
 Iskenderun's Mystic Bla  Conj/Tloc      0%         2d3       100%        4
 Freezing Cloud           Conj/Ice/Air   0%         6-21      100%        5
 Lee's Rapid Deconstruct  Erth           0%         3d4*      100%        5
 Simulacrum               Ice/Necr       0%         N/A       100%        6


Dungeon Overview and Level Annotations

Branches:
Dungeon (7/15)             Temple (0/1) D:7         Ossuary (visited)

Altars:
Dithmenos
Elyvilon
Sif Muna
Xom
The Shining One

Annotations:
D:7 Joseph


Innate Abilities, Weirdness & Mutations

You have a pair of horns on your head.
You reflexively headbutt those who attack you in melee.


Message History

The steam dragon bites you. You block the steam dragon's attack.
Unknown command.
You slash the steam dragon! You headbutt the steam dragon!
You kill the steam dragon!
Dithmenos accepts your kill.
You are engulfed in a cloud of scalding steam.
Your Axes skill increases to level 7!
Unknown command.
You slash Joseph!
Joseph is moderately wounded.
Joseph unwields a +0 sling.
Joseph wields a +0 quarterstaff.
Joseph hits you but does no damage.
Unknown command.
You slash Joseph! You headbutt Joseph!
Joseph is severely wounded.
A killer bee comes into view.
Joseph zaps a wand.
You resist with some effort.
A killer bee comes into view.
The killer bee buzzes angrily.
You slice Joseph!!
Joseph is almost dead.
You miss the killer bee.
You hear an angry buzzing noise.
You block the killer bee's attack.
A killer bee comes into view.
Joseph zaps a wand.
You suddenly lose the ability to move!
The killer bee stings you!
* * * LOW HITPOINT WARNING * * *
A killer bee comes into view.
Joseph hits you with a +0 quarterstaff.
* * * LOW HITPOINT WARNING * * *
The killer bee stings you!
* * * LOW HITPOINT WARNING * * *
The killer bee stings you but does no damage.
Joseph hits you with a +0 quarterstaff.
* * * LOW HITPOINT WARNING * * *
You can move again.
The killer bee stings you but does no damage.
The killer bee stings you.
You die...

................$.....
...#.......$.....####.
#..#.........####
#..........##
##.....:.## ##..[####
##[...# #.###@##...#
#....@.###.#
####yy.......
#yy§§#......
.........###
###..§..... ..##..#..
.## #.# # . .#


You could see Joseph and 4 killer bees.

Vanquished Creatures
  Grinder (D:6)
  2 steam dragons
  A black bear (D:5)
  An ice beast (D:5)
  3 ogres
  An elf zombie (Ossuary)
  2 scorpions
  A howler monkey (D:5)
  A human zombie (Ossuary)
  4 hounds
  3 orc priests
  An iguana (D:6)
  5 orc wizards
  A hound zombie (Ossuary)
  5 mummies
  A gnoll (D:6)
  5 adders
  A shadow imp (D:6)
  A white imp (D:6)
  2 adder zombies (Ossuary)
  2 dart slugs
  11 orcs
  7 ball pythons
  6 endoplasms
  3 giant cockroaches
  5 hobgoblins
  9 jackals
  6 quokkas
  8 bats
  4 frilled lizards
  A gnoll zombie (Ossuary)
  9 goblins
  2 hobgoblin zombies (Ossuary)
  2 kobolds
  A kobold zombie (Ossuary)
  2 orc zombies (Ossuary)
  3 rats
  A rat zombie (Ossuary)
124 creatures vanquished.

Vanquished Creatures (others)
  2 gnolls (D:6)
  13 plants (D:2)
15 creatures vanquished.

Grand Total: 139 creatures vanquished

Notes
Turn   | Place    | Note
-------+----------+-------------------------------------------
     0 | D:1      | retardedninja the Minotaur Fighter began the quest for the
                  | Orb.
     0 | D:1      | Reached XP level 1. HP: 19/19 MP: 0/0
   224 | D:1      | Reached XP level 2. HP: 27/27 MP: 1/1
   741 | D:1      | Reached XP level 3. HP: 33/33 MP: 2/2
  1008 | D:2      | Found a faded altar of an unknown god.
  1788 | D:3      | Found a white marble altar of Elyvilon.
  1972 | D:3      | Reached XP level 4. HP: 37/40 MP: 3/3
  2133 | D:4      | Reached XP level 5. HP: 42/47 MP: 4/4
  2784 | D:5      | Entered Level 5 of the Dungeon
  2810 | D:5      | Noticed an ice beast
  2815 | D:5      | Killed an ice beast
  2816 | D:5      | Reached skill level 5 in Fighting
  2816 | D:5      | Reached skill level 5 in Armour
  2816 | D:5      | Reached skill level 5 in Shields
  2816 | D:5      | Reached XP level 6. HP: 56/56 MP: 5/5
  3153 | D:5      | Found a shadowy altar of Dithmenos.
  3158 | D:5      | Became a worshipper of Dithmenos the Shadowed
  3812 | D:5      | Found a shimmering blue altar of Sif Muna.
  3835 | D:5      | Found a glowing golden altar of the Shining One.
  3953 | D:5      | Reached skill level 5 in Axes
  3953 | D:5      | Reached XP level 7. HP: 62/62 MP: 6/6
  4527 | D:6      | Found a sand-covered staircase.
  4636 | Ossuary  | Entered an ossuary
  4939 | Ossuary  | Reached * piety under Dithmenos
  5210 | D:6      | Noticed a steam dragon
  5219 | D:6      | Reached XP level 8. HP: 22/71 MP: 7/7
  5904 | D:6      | Found a shimmering altar of Xom.
  5908 | D:6      | Noticed Grinder
  5918 | D:6      | Paralysed by Grinder for 4 turns
  5930 | D:6      | Killed Grinder
  6325 | D:7      | Found a staircase to the Ecumenical Temple.
  6327 | D:7      | Noticed Joseph
  6331 | D:7      | Paralysed by Joseph for 2 turns
  6731 | D:7      | Paralysed by Joseph for 4 turns
  6737 | D:7      | HP: 1/73 [Joseph/sling bullet (7)]
  7262 | D:7      | Paralysed by Joseph for 4 turns
  7273 | D:7      | Paralysed by Joseph for 2 turns
  7274 | D:7      | HP: 2/74 [Joseph/+0 quarterstaff (6)]
  7275 | D:7      | Slain by a killer bee

Illustrated notes

Levels and vault maps discovered:
D:1:      onia_arrival_mini_spirals, layout_loops_ring
D:2:      layout_basic, shapermc_ecumenical_altar_gd, dk_vineyard_3,
          serial_bayou_lagoon_a, amcnicky_mini_corridor_feature, corner_web_ring
D:3:      layout_rooms, elyvilon_altar_3, hangedman_decor_points,
          minmay_ruptured
D:4:      layout_cave_pods
D:5:      layout_layer_cave, old_standard_altar,
          mainiacjoe_overflow_cross_hatched, mainiacjoe_overflow_alcove_4
D:6:      layout_gridville, general_overflow_altar, gup_sewer_entry_pipe,
          gup_ossuary_entry_pyramid, chequers_avenue, uniq_grinder
D:7:      layout_rooms, minmay_temple_entry_glass, uniq_joseph, uniq_maggie

Skill      XL: |  1  2  3  4  5  6  7  8 |
---------------+-------------------------+-----
Fighting       | 4 5 6 7 |  7.7
Shields        | 4 5 6 7 |  7.7
Armour         | 4 5 6 7 |  7.6
Axes           | 3 4 5 6 7 |  7.1

Action                   |  1- 3 |  4- 6 |  7- 9 || total
-------------------------+-------+-------+-------++-------
Melee: War axe           |    77 |    40 |   103 ||   220
       Headbutt          |     9 |     8 |    25 ||    42
  Use: Scroll            |     3 |       |       ||     3
       Potion            |       |     1 |     8 ||     9
Armor: Scale mail        |    53 |    22 |    44 ||   119
Dodge: Dodged            |    37 |    26 |    70 ||   133
Block: Buckler           |    15 |    15 |    27 ||    57

Table legend: (Time is in decaauts)
 A = Elapsed time spent in this place.
 B = Non-inter-level travel time spent in this place.
 C = Inter-level travel time spent in this place.
 D = Time resting spent in this place.
 E = Time spent auto-exploring this place.
 F = Levels seen in this place.
 G = Mean time per level.
                   A        B        C        D        E       F      G
               +--------+--------+--------+--------+--------+-----+--------+
         Total |   7316 |   7147 |    169 |   2220 |   4110 |   8 |  914.5 |
       Dungeon |   6973 |   6804 |    169 |   2057 |   4006 |   7 |  996.1 |
       Ossuary |    342 |    342 |      0 |    163 |    104 |   1 |  342.0 |
               +--------+--------+--------+--------+--------+-----+--------+

Top non-repeatable levels by time:
     D:6: 2382 daAuts
     D:5: 1710 daAuts
     D:1: 784 daAuts
     D:2: 744 daAuts
     D:4: 731 daAuts
     D:3: 557 daAuts
 Ossuary: 342 daAuts
     D:7: 62 daAuts
